Map: Opérations galactiques EC

Players

zidar - Winner!

  • Race: Zerg Zerg
  • League: Platinum
  • Spawn Location: 1:00

JOHN

  • Race: Protoss Protoss
  • League: Diamond
  • Spawn Location: 7:00

VOD

Have the link to the VOD?

Description

Time

  • Played on: Oct. 8, 2016, 11:45 a.m.
  • Length: 10:39
Show
View Real Time Build Order
Export as new Build Order

zidar Zerg - Winner!

Build Orders: Pool First 

Get SALT Encoding   

  12  0:01  Drone  
  13  0:13  Overlord  
  13  0:17  Drone  
  14  0:31  Drone x2  
  16  0:43  Drone  
  16  0:49  Spawning Pool  
  17  0:50  Drone  
  17  1:27  Hatchery  
  16  1:32  Extractor  
  15  1:40  Drone x3  
  15  1:42  Roach Warren  
  17  2:04  Drone  
  18  2:40  Overlord  
  15  2:55  Roach  
  15  2:56  Roach  
  15  2:57  Overlord  
  15  2:58  Queen  
  21  3:12  Roach x2  
  24  3:17  Roach  
  26  3:23  Drone  
  27  3:49  Roach x3  
  27  3:53  Drone x2  
  35  3:57  Drone  
  36  4:23  Overlord  
  36  4:24  Overlord  
  36  4:50  Roach x7  
  36  4:52  Ravager  
  51  5:11  Drone  
  40  6:21  Roach x6  
  52  6:33  Overlord x2  
  40  7:19  Roach x2  
  40  7:20  Roach x4  
  40  7:55  Roach x6  
  48  8:13  Roach x2  
  49  8:35  Roach x4  
  57  8:45  Extractor  
  56  8:54  Roach x2  
  60  9:23  Overlord x2  
  60  9:24  Overlord  
  44  10:06  Ravager  
  37  10:07  Ravager x2  
  37  10:12  Zergling x18  
Show
View Real Time Build Order
Export as new Build Order

JOHN Protoss 

Build Orders: Cannon Rush 

Get SALT Encoding   

  12  0:14  Probe (Chrono Boost)  
  12  0:18  Pylon  
  13  0:25  Probe (Chrono Boost)  
  14  0:38  Forge  
  14  0:39  Probe (Chrono Boost)  
  15  0:52  Pylon  
  15  1:00  Probe (Chrono Boost)  
  16  1:10  Probe (Chrono Boost)  
  17  1:12  Photon Cannon  
  17  1:18  Photon Cannon  
  17  1:27  Pylon  
  17  1:35  Probe (Chrono Boost)  
  18  1:43  Pylon  
  18  1:51  Photon Cannon  
  18  1:58  Photon Cannon  
  18  2:05  Photon Cannon  
  18  2:14  Photon Cannon  
  18  2:25  Pylon  
  18  2:31  Photon Cannon  
  17  3:11  Photon Cannon  
  17  3:12  Photon Cannon  
  17  3:14  Photon Cannon  
  17  3:18  Pylon  
  17  3:21  Assimilator  
  17  3:25  Assimilator  
  18  3:27  Probe (Chrono Boost)  
  18  3:37  Probe (Chrono Boost)  
  18  3:39  Photon Cannon  
  19  3:42  Photon Cannon  
  19  3:57  Probe (Chrono Boost)  
  20  4:08  Probe (Chrono Boost)  
  21  4:27  Nexus  
  21  4:30  Pylon  
  21  4:57  Gateway  
  21  5:02  Pylon  
  21  5:06  Photon Cannon  
  21  5:13  Photon Cannon  
  22  5:21  Probe (Chrono Boost)  
  22  5:31  Probe (Chrono Boost)  
  23  5:37  Photon Cannon  
  23  5:47  Photon Cannon  
  23  5:53  Photon Cannon  
  23  6:02  Pylon  
  23  6:20  Photon Cannon x2  
  23  6:43  Gateway  
  23  6:52  Gateway  
  20  7:10  Pylon  
  19  7:29  Photon Cannon x2  
  18  7:31  Photon Cannon  
  14  7:44  Cybernetics Core  
  14  7:56  Pylon  
  13  8:16  Photon Cannon  
  13  8:50  Stargate  
  13  8:51  Probe (Chrono Boost)  
  14  9:02  Probe (Chrono Boost)  
  15  9:18  Photon Cannon  
  17  9:24  Mothership Core (Chrono Boost)  
  7  10:17  Pylon  
  7  10:23  Pylon  
Tags
 
Add a new tag
Caveats
  • Supply blocks, unpowered buildings, or Contaminate may cause inaccurate times.
  • Supply counts are checked every 10 seconds.